 Dungeon Crawl Stone Soup version 0.27.0-1-g7a089689b8 (webtiles) character file.

Game seed: 16084833793637799828

19792 Smaepdii the Carver (level 12, -3/115 HPs)
             Began as a Minotaur Berserker on Aug 2, 2021.
             Was a High Priest of Trog.
             Succumbed to poison (dark miasma)
             ... on level 3 of the Lair of Beasts.
             The game lasted 01:15:47 (15009 turns).

Smaepdii the Carver (Minotaur Berserker)           Turns: 15009, Time: 01:15:47

Health: -3/115     AC: 22    Str: 23    XL:     12   Next: 39%
Magic:  11/11      EV: 11    Int:  4    God:    Trog [*****.]
Gold:   925        SH:  7    Dex: 14    Spells: 11/11 levels left

rFire    . . .     SeeInvis .   y - +9 short sword (speed)
rCold    . . .     Faith    .   F - +2 buckler {AC+3}
rNeg     . . .     Spirit   .   t - +3 scale mail
rPois    .         Reflect  .   (helmet restricted)
rElec    .         Harm     .   w - +0 cloak
rCorr    +         Rampage  .   (no gloves)
Will     ++...                  H - +0 pair of boots
Stlth    ..........             (no amulet)
HPRegen  1.29/turn              f - +4 ring of protection
MPRegen  0.12/turn              b - ring of resist corrosion

@: lethally poisoned (-3 -> -13), about to teleport, strong-willed,
regenerating, hasted and slowed, studying 2 skills
A: horns 2, retaliatory headbutt
a: Renounce Religion, Berserk, Trog's Hand, Brothers in Arms


You were on level 3 of the Lair of Beasts.
You worshipped Trog.
Trog was extremely pleased with you.
You visited 2 branches of the dungeon, and saw 14 of its levels.

You collected 925 gold pieces.

Inventory:

Hand Weapons
 y - a +9 short sword of speed (weapon)
 C - a +0 dagger
Armour
 t - a +3 scale mail (worn)
 w - a +0 cloak (worn)
 A - a +2 ring mail of fire resistance
 F - a +2 buckler of protection (worn)
 H - a +0 pair of boots (worn)
 I - a +1 robe of cold resistance
Jewellery
 b - a ring of resist corrosion (right hand)
 f - a +4 ring of protection (left hand)
 i - a +6 ring of intelligence
 r - a ring of ice
 E - an amulet of magic regeneration
Wands
 a - a wand of paralysis (11) (quivered)
 u - a wand of iceblast (17)
 D - a wand of polymorph (5)
 M - a wand of digging (5)
Scrolls
 d - 4 scrolls of enchant weapon
 e - a scroll of holy word
 h - 3 scrolls of teleportation
 j - a scroll of vulnerability
 l - 2 scrolls of enchant armour {unknown}
 n - a scroll of silence {unknown}
 s - 2 scrolls of fear
 v - a scroll of blinking {unknown}
 x - 2 scrolls of torment
 L - a scroll of identify
Potions
 c - 4 potions of curing
 g - 6 potions of mutation
 k - 3 potions of flight
 o - 2 potions of magic
 p - 4 potions of brilliance
 q - 2 potions of ambrosia
 z - a potion of cancellation
 B - 4 potions of might
 G - 2 potions of attraction
 J - a potion of invisibility {unknown}
 K - 2 potions of heal wounds {unknown}


   Skills:
 + Level 13.3 Fighting
 - Level 8.8(12.0) Short Blades
 - Level 14.0(14.9) Long Blades
 + Level 13.1 Armour
 - Level 2.2 Dodging
 - Level 4.0 Shields


You had 11 spell levels left.
You didn't know any spells.
Your spell library was empty.

Dungeon Overview and Level Annotations

Branches:
Dungeon (11/15)            Temple (0/1) D:4            Lair (3/6) D:9
 Spider (0/4) Lair:2          Orc (0/2) D:11
  Swamp: Lair:2-4    Shoals: Lair:2-4

Altars:
Ashenzari
Gozag
Hepliaklqana
Makhleb
Nemelex Xobeh
Qazlal
Uskayaw
Wu Jian
Xom
Yredelemnul

Shops:
D:2 *(

Annotations:
Lair:3 1 transporter


Innate Abilities, Weirdness & Mutations

You have a pair of horns on your head.
You reflexively headbutt those who attack you in melee.


Message History

You are poisoned.
You feel yourself slow down.
* * * LOW HITPOINT WARNING * * *
You feel very sick.
The swamp worm fires a harpoon shot at you.
The harpoon shot hits you.
* * * LOW HITPOINT WARNING * * *
You are yanked forward by the harpoon shot.
You violently stop moving!
The swamp worm fires a harpoon shot at you.
The harpoon shot hits you but does no damage.
Okay, then.
You feel better.
You are engulfed in dark miasma.
You are poisoned.
* * * LOW HITPOINT WARNING * * *
You feel very sick.
The swamp worm fires a harpoon shot at you.
The harpoon shot hits you!
* * * LOW HITPOINT WARNING * * *
You are yanked forward by the harpoon shot.
You violently stop moving!
You feel better.
You are engulfed in dark miasma.
You are poisoned.
You feel as though you will be slow longer.
* * * LOW HITPOINT WARNING * * *
x2 You feel very sick.
The swamp worm fires a harpoon shot at you.
The harpoon shot hits you.
* * * LOW HITPOINT WARNING * * *
You are yanked forward by the harpoon shot.
You violently stop moving!
* * * LOW HITPOINT WARNING * * *
The swamp worm fires a harpoon shot at you.
The harpoon shot hits you.
* * * LOW HITPOINT WARNING * * *
You are yanked forward by the harpoon shot.
You violently stop moving!
As you read the scroll of teleportation, it crumbles to dust.
You feel strangely unstable.
You die...

#####....#...##......P##..##.
###.#######...###.....#######.
#.#..#####....###....### ##.
##............©........# #(.
#...........#####....### ##.
##........###.©P###..## #..
##........##≈.^P≈♣#...# ##.
##.....#...#w≈.^P≈##..## #.
###..........##§@^P≈w#..## ##.
..#P.....P...#♣≈P^§###.#.##
#..
......P..##..###°^P≈w#....##


#PP .......#.##..#w≈P^P≈##.....# ##. ......####...##≈P§P≈w#..^.### #.
#.......#.#..####+####....#.# #. ###.#..........# $[#........## #.
.####..........#[©=#.##.....P# ## .## ..........#####..#......# # You could see
5 swamp worms.

Vanquished Creatures
  Erolcha (D:9)
  3 hydras
  Fannar (Lair:1)
  2 two-headed ogres
  Joseph (D:7)
  The ghost of Nausicaa the Grappler, a novice TrDe (D:7)
  2 gargoyles
  2 cane toads
  An unseen horror (D:10)
  Psyche (D:8)
  A rime drake (Lair:3)
  3 trolls
  A slime creature (D:7)
  Grinder (D:5)
  9 blink frogs
  2 wyverns
  Sigmund (D:4)
  2 vampires
  19 yaks
  2 vampire mosquitoes (D:8)
  2 basilisks
  An acid dragon (D:9)
  7 water moccasins
  Duvessa (D:7)
  2 orc warriors
  3 ice beasts
  2 black bears
  3 ogres (D:5)
  2 centaurs
  A phantom (D:7)
  7 bullfrogs
  A kobold brigand (D:10)
  A wyvern zombie (D:8)
  Dowan (D:7)
  2 scorpions (D:5)
  3 gnoll sergeants
  A water moccasin zombie (D:5)
  18 killer bees
  8 wights (D:8)
  An electric eel (Lair:3)
  A howler monkey (D:9)
  5 centaur zombies
  A hound (D:6)
  A centaur skeleton (D:4)
  4 orc priests
  Crazy Yiuf (D:4)
  A jelly (D:4)
  10 orc wizards
  Natasha (twice) (D:2)
  2 killer bee zombies
  2 hound zombies
  A howler monkey zombie (D:8)
  7 adders
  12 gnolls
  7 river rats (D:5)
  A shadow imp (D:7)
  A white imp (D:7)
  An ufetubus (D:5)
  4 adder skeletons
  An adder zombie (D:5)
  3 dart slugs
  48 orcs
  8 ball pythons
  4 endoplasms
  6 goblins
  5 hobgoblins
  19 jackals
  10 quokkas
  7 bats
  4 frilled lizards
  A jackal zombie (D:3)
  6 kobolds
  A quokka zombie (D:3)
  16 rats
  3 briar patches (Lair:3)
329 creatures vanquished.

Vanquished Creatures (others)
  A gnoll (D:8)
  A briar patch (Lair:3)
  6 fungi
  10 plants
  A withered plant (D:3)
19 creatures vanquished.

Grand Total: 348 creatures vanquished

Notes
Turn   | Place    | Note
-------+----------+-------------------------------------------
     0 | D:1      | Smaepdii the Minotaur Berserker began the quest for the
                  | Orb.
     0 | D:1      | Reached XP level 1. HP: 19/19 MP: 0/0
   309 | D:1      | Reached skill level 4 in Long Blades
   340 | D:1      | Reached XP level 2. HP: 23/26 MP: 1/1
  1141 | D:1      | Found a faded altar of an unknown god.
  1461 | D:2      | Found Akhloru's Weapon Shoppe.
  1567 | D:2      | Reached skill level 5 in Long Blades
  1603 | D:2      | Reached ** piety under Trog
  1614 | D:2      | Reached XP level 3. HP: 25/31 MP: 2/2
  1749 | D:2      | Found Tosec's Assorted Antiques.
  2530 | D:2      | Reached XP level 4. HP: 37/39 MP: 3/3
  2552 | D:2      | Found a basalt altar of Yredelemnul.
  2559 | D:2      | Noticed Natasha
  2561 | D:2      | Killed Natasha
  2562 | D:2      | Reached skill level 6 in Long Blades
  2711 | D:2      | Noticed Natasha
  2914 | D:2      | Killed Natasha
  3278 | D:3      | Reached XP level 5. HP: 43/45 MP: 4/4
  3351 | D:3      | Reached skill level 7 in Long Blades
  3404 | D:3      | Found a shimmering altar of Xom.
  3621 | D:3      | You fall into a shaft and drop 3 floors!
  3675 | D:6      | Reached skill level 8 in Long Blades
  3709 | D:6      | Found an ornate altar of the Wu Jian Council.
  3720 | D:6      | Reached XP level 6. HP: 44/51 MP: 5/5
  3734 | D:6      | Reached *** piety under Trog
  3824 | D:6      | Noticed an ice beast
  3845 | D:6      | Killed an ice beast
  3846 | D:6      | Reached skill level 9 in Long Blades
  3912 | D:6      | Reached XP level 7. HP: 38/57 MP: 6/6
  4059 | D:6      | Noticed a two-headed ogre
  4073 | D:6      | Killed a two-headed ogre
  4074 | D:6      | Reached skill level 12 in Long Blades
  4074 | D:6      | Reached XP level 8. HP: 26/64 MP: 7/7
  4322 | D:5      | Entered Level 5 of the Dungeon
  4966 | D:5      | Reached skill level 13 in Long Blades
  4992 | D:5      | Found a hazy altar of Hepliaklqana.
  4993 | D:5      | Found a faded altar of an unknown god.
  5090 | D:5      | Reached **** piety under Trog
  5159 | D:5      | Noticed Grinder
  5160 | D:5      | Noticed a troll
  5168 | D:5      | Killed a troll
  5185 | D:5      | Paralysed by Grinder for 5 turns
  5197 | D:5      | Paralysed by Grinder for 2 turns
  5327 | D:5      | Killed Grinder
  5328 | D:5      | Reached skill level 14 in Long Blades
  5328 | D:5      | Reached XP level 9. HP: 71/71 MP: 8/8
  5925 | D:4      | Found a staircase to the Ecumenical Temple.
  5925 | D:4      | Noticed Sigmund
  5930 | D:4      | Killed Sigmund
  6097 | D:4      | Reached skill level 5 in Fighting
  6124 | D:4      | Identified the +11 spear of the Moon {drain, rC+ Str+3
                  | Stlth+}
  6256 | D:4      | Found a runed translucent door.
  6257 | D:4      | Identified the +2 mace "Ogreslayer" {drain, Dex+2}
  6257 | D:4      | Noticed Crazy Yiuf
  6262 | D:4      | Killed Crazy Yiuf
  7107 | D:7      | Noticed Duvessa
  7107 | D:7      | Noticed Dowan
  7119 | D:7      | Killed Duvessa
  7121 | D:7      | Killed Dowan
  7122 | D:7      | Reached skill level 5 in Armour
  7292 | D:7      | Found a sparkling altar of Nemelex Xobeh.
  7323 | D:7      | Noticed a two-headed ogre
  7329 | D:7      | Killed a two-headed ogre
  7480 | D:7      | Noticed Joseph
  7503 | D:7      | Killed Joseph
  7678 | D:7      | Found a burning altar of Makhleb.
  7882 | D:7      | Found a runed translucent door.
  7887 | D:7      | Noticed Nausicaa's ghost (novice TrDe)
  8137 | D:7      | Killed Nausicaa's ghost
  8138 | D:7      | Reached XP level 10. HP: 84/84 MP: 9/9
  8496 | D:8      | Noticed Psyche
  8697 | D:8      | Killed Psyche
  8997 | D:8      | Found a hide-covered altar of Uskayaw.
  9527 | D:9      | Found a staircase to the Lair.
  9863 | D:9      | Noticed Erolcha
  9872 | D:9      | Killed Erolcha
  9873 | D:9      | Reached XP level 11. HP: 99/99 MP: 10/10
  9989 | D:10     | Entered Level 10 of the Dungeon
 10035 | D:10     | Reached skill level 10 in Fighting
 10231 | D:10     | Reached skill level 10 in Armour
 10444 | D:11     | Noticed a six-headed hydra
 10460 | D:11     | Killed a six-headed hydra
 10886 | D:10     | Reached skill level 1 in Shields
 11594 | D:11     | Found a staircase to the Orcish Mines.
 11916 | D:11     | Found an opulent altar of Gozag.
 12293 | Lair:1   | Entered Level 1 of the Lair of Beasts
 12597 | Lair:1   | Found a broken altar of Ashenzari.
 12614 | Lair:1   | Noticed Fannar
 12629 | Lair:1   | Killed Fannar
 12757 | Lair:1   | Noticed a five-headed hydra
 12765 | Lair:1   | Killed a five-headed hydra
 13472 | Lair:2   | Reached XP level 12. HP: 83/113 MP: 11/11
 13672 | Lair:2   | Found a hole to the Spider Nest.
 13722 | Lair:2   | Reached ***** piety under Trog
 14044 | Lair:3   | Found a stormy altar of Qazlal.
 14051 | Lair:3   | Noticed a five-headed hydra
 14061 | Lair:3   | Killed a five-headed hydra
 14554 | Lair:3   | Found a transporter.
 14957 | Lair:3   | Found a transporter.
 15008 | Lair:3   | HP: 4/115 [swamp worm/harpoon shot (3)]
 15008 | Lair:3   | HP: 1/115 [swamp worm/harpoon shot (1)]
 15009 | Lair:3   | Succumbed to poison (dark miasma)

Illustrated notes

Levels and vault maps discovered:
D:1:      giann_wishing_wells, layout_basic,
          shapermc_ecumenical_altar_hornbeckon
D:2:      layout_basic, basic_altar, serial_shops, shop, nicolae_shop_trees,
          chequers_big_river, minmay_goblin_kobold_house, uniq_natasha
D:3:      layout_rooms, mainiacjoe_overflow_brackets, serial_undead,
          serial_undead_a, serial_undead_c, serial_undead_e, serial_undead_a,
          serial_undead_c
D:4:      layout_cave_pools, minmay_temple_entry_slanted,
          uniq_crazy_yiuf_cottage, uniq_sigmund
D:5:      lemuel_ratsnest, layout_basic, beargit_hepliaklqana_dungeon_heroes,
          minmay_manual_moon, uniq_grinder
D:6:      layout_rooms, amcnicky_altar_gilded
D:7:      layout_basic, mainiacjoe_overflow_catwalk,
          mainiacjoe_overflow_24_doors, ebering_ghost_inner_flame, uniq_duvessa,
          uniq_joseph
D:8:      layout_basic, nicolae_overflow_hidden_temple, uniq_psyche
D:9:      layout_cave_pools, david_lair_generic, kennysheep_path_1, uniq_erolcha
D:10:     layout_cave_pools
D:11:     layout_cross, hiddenorc2_lemuel, nicolae_gozag_seed_capital
Lair:1:   layout_layer_cave, basic_altar, grunt_megastairs_4, uniq_fannar
Lair:2:   layout_misc_corridors, spider_nest_entry_a
Lair:3:   gammafunk_worm_tunnel, layout_cellular_growth, basic_altar,
          serial_bayou_shore_b, grunt_megastairs_2, infiniplex_staircase_pool

Skill      XL: |  1  2  3  4  5  6  7  8  9 10 11 12 |
---------------+-------------------------------------+-----
Long Blades    | 4 5 6 8 9 12 14 | 14.0
Fighting       | 6 9 12 13 | 13.3
Armour         | 5 9 12 13 | 13.1
Short Blades   | 8 |  8.8
Shields        | 4 |  4.0
Dodging        | |  2.2

Action                   |  1- 3 |  4- 6 |  7- 9 | 10-12 || total
-------------------------+-------+-------+-------+-------++-------
Melee: Falchion          |    91 |   105 |   201 |       ||   397
       Headbutt          |     7 |    18 |    45 |   130 ||   200
       Short sword       |       |       |    27 |   618 ||   645
Invok: Berserk           |     2 |     9 |    16 |    22 ||    49
       Trog's Hand       |       |     1 |     5 |    13 ||    19
  Use: Scroll            |       |       |    14 |     7 ||    21
       Potion            |       |       |       |     6 ||     6
 Stab: Sleeping          |     2 |       |       |       ||     2
Armor: Animal skin       |    21 |       |       |       ||    21
       Ring mail         |     7 |    48 |    53 |   169 ||   277
       Scale mail        |       |       |       |    58 ||    58
Dodge: Dodged            |    53 |    52 |    81 |   163 ||   349
Block: Buckler           |       |       |       |    27 ||    27
       Rpst.: Falchion   |    16 |    11 |    20 |       ||    47
